 Dungeon Crawl Stone Soup version 0.28.0-45-g0d030f2227 (console) character file.

Game seed: 6155368230632623387

9 Faeu the Slasher (level 2, -4/25 HPs)
             Began as a Minotaur Gladiator on Apr 20, 2022.
             Frozen to death by an endoplasm (5 damage)
             ... on level 1 of the Dungeon.
             The game lasted 00:00:55 (308 turns).

Faeu the Slasher (Minotaur Gladiator)                Turns: 308, Time: 00:00:56

Health: -4/25      AC:  3    Str: 18    XL:     2   Next: 6%
Magic:  1/1        EV: 12    Int:  5    God:
Gold:   9          SH:  0    Dex: 11    Spells: 1/1 levels left

rFire   . . .      SeeInvis .   (no weapon)
rCold   . . .      Faith    .   (no shield)
rNeg    . . .      Spirit   .   b - +0 leather armour
rPois   .          Reflect  .   c - +0 hat
rElec   .          Harm     .   (no cloak)
rCorr   .          Rampage  .   (no gloves)
Will    .....                   (no boots)
Stlth   +.........              (no amulet)
HPRegen 0.08/turn               (no ring)
MPRegen 0.07/turn               (no ring)

@: no status effects
A: horns 2, retaliatory headbutt
a: no special abilities


You were on level 1 of the Dungeon.
You visited 1 branch of the dungeon, and saw 1 of its levels.

You collected 9 gold pieces.


Innate Abilities, Weirdness & Mutations

You have a pair of horns on your head.
You reflexively headbutt those who attack you in melee.


   Skills:
 + Level 2.7 Fighting
 + Level 3.8 Long Blades
 + Level 2.2 Throwing
 + Level 3.4 Dodging


You had one spell level left.
You didn't know any spells.
Your spell library was empty.

Inventory:

Hand Weapons
 a - a +0 hunting sling {sling}
   (You found it on level 1 of the Dungeon)
 h - a +0 dagger {short}
   (You found it on level 1 of the Dungeon)
 i - a +0 club {mace}
   (You took it off a goblin on level 1 of the Dungeon)
Missiles
 d - 3 throwing nets (quivered) {=f!fthrowing}
Armour
 b - a +0 leather armour (worn)
 c - a +0 hat (worn)
Scrolls
 e - a scroll of identify {unknown}
 g - a scroll of blinking {unknown}
Potions
 f - a potion of attraction {unknown}

Dungeon Overview and Level Annotations

Branches:
Dungeon (1/15)

Altars:

#.8.......≈≈##
##..###++##### #...#
####.### .....# #.####
#.### ....# #.#.#
################
#.#.###.........gJ...#.#
#......># #.).@Jg.....
#...##### #)#.###...##
#...#########.#.# ...
......†.......#.# .
#...###########.# .#..#
#.# ##..# #.# #..# #.#
.... ...(. ..##


You could see 2 endoplasms and 2 hobgoblins.


Message History

An endoplasm and a goblin come into view.
The goblin shouts!
The endoplasm quivers.
The goblin moves out of view.
A hobgoblin comes into view.
The hobgoblin moves out of view.
You hit the endoplasm. You headbutt the endoplasm.
The endoplasm barely misses you.
You barely miss the endoplasm. Your headbutt misses the endoplasm.
The endoplasm freezes you.
You are frozen. 😕 HP[-3]
You take 3 damage, and now have 15/18 hp.
You hit the endoplasm.
You kill the endoplasm!
You closely miss the goblin. The goblin hits you but does no damage.
You barely miss the goblin. The goblin closely misses you.
You furiously retaliate!
You headbutt the goblin!
You kill the goblin!
A goblin comes into view. It is wielding a +0 club.
Things that are here:
a +0 dagger {short}; a goblin corpse The goblin barely misses you.
You furiously retaliate!
You headbutt the goblin!
You kill the goblin!
You have reached level 2! 😕 HP[+6] MP[+1]
You now have 25 max hp (+7).
You regained 6 hp, and now have 21/25 hp.
Your mp is fully restored (1).
A hobgoblin is nearby! 😕 HP[+3]
You regained 3 hp, and now have 24/25 hp.
A hobgoblin comes into view.
The hobgoblin shouts! x2
Things that are here:
a +0 club {mace}; a goblin corpse An endoplasm comes into view.
An endoplasm comes into view.
The endoplasm quivers.
You hit the hobgoblin. The hobgoblin misses you.
You barely miss the hobgoblin. Your headbutt misses the hobgoblin.
The hobgoblin misses you. You furiously retaliate!
You headbutt the hobgoblin. The hobgoblin hits you.
A hobgoblin comes into view. 😕 HP[-3]
You take 3 damage, and now have 21/25 hp.
The hobgoblin shouts!
You hit the hobgoblin but do no damage. Your headbutt misses the hobgoblin.
The hobgoblin misses you. The hobgoblin closely misses you.
You closely miss the hobgoblin. The hobgoblin hits you.
The hobgoblin closely misses you. 😕 HP[-2]
You take 2 damage, and now have 19/25 hp.
You hit the hobgoblin.
The hobgoblin hits you but does no damage.
The hobgoblin closely misses you.
You closely miss the hobgoblin.
The hobgoblin hits you but does no damage.
The hobgoblin barely misses you. 😕 HP[+1]
You hit the hobgoblin but do no damage. Your headbutt misses the hobgoblin.
The hobgoblin hits you. x2
* * * LOW HITPOINT WARNING * * *
You barely miss the hobgoblin. The hobgoblin misses you.
The hobgoblin closely misses you. You furiously retaliate!
You headbutt the hobgoblin!
You kill the hobgoblin! 😨 HP[-8]
You take 8 damage, and now have 12/25 hp.
MASSIVE DAMAGE!! (PAUSE)
You hit the hobgoblin but do no damage. The hobgoblin hits you.
* * * LOW HITPOINT WARNING * * *
You closely miss the hobgoblin. The endoplasm closely misses you.
The hobgoblin hits you but does no damage. 😨 HP[-1]
You take 1 damage, and now have 11/25 hp.
You hit the hobgoblin but do no damage. Your headbutt misses the hobgoblin.
The endoplasm barely misses you. You furiously retaliate!
You headbutt the endoplasm. The hobgoblin barely misses you.
You hit the hobgoblin but do no damage. The endoplasm freezes you.
You are frozen.
* * * LOW HITPOINT WARNING * * *
You hit the endoplasm but do no damage.
You headbutt the endoplasm, but do no damage.
The endoplasm closely misses you. The hobgoblin hits you.
* * * LOW HITPOINT WARNING * * *
The endoplasm jiggles.
The endoplasm freezes you.
You are frozen.
* * * LOW HITPOINT WARNING * * *
You hit the endoplasm but do no damage. The endoplasm freezes you.
You are frozen.
* * * LOW HITPOINT WARNING * * *
The hobgoblin closely misses you. The endoplasm closely misses you.
You hit the endoplasm. The endoplasm freezes you.
You are frozen.
You die...

Action                   || total
-------------------------++-------
Melee: Unarmed           ||    28
       Long sword        ||     6
       Headbutt          ||     3
       Punch             ||     1
Armor: Leather armour    ||     7
Dodge: Dodged            ||    25

Levels and vault maps discovered:
D:1:      psy_arrival_whirlpool, layout_loops_ring, serial_shops, shop,
          minmay_tree_intersection

Notes
Turn   | Place    | Note
-------+----------+-------------------------------------------
     0 | D:1      | Faeu the Minotaur Gladiator began the quest for the Orb.
     0 | D:1      | Reached XP level 1. HP: 18/18 MP: 0/0
     0 | D:1      | magus.rc [v1.9.6]
   258 | D:1      | Reached XP level 2. HP: 21/25 MP: 1/1
   306 | D:1      | HP: 6/25 [hobgoblin (2)]
   307 | D:1      | HP: 1/25 [frozen (4)]
   308 | D:1      | Frozen to death by an endoplasm

Vanquished Creatures
  A ball python (D:1)
  An endoplasm (D:1)
  3 goblins (D:1)
  A hobgoblin (D:1)
  A quokka (D:1)
7 creatures vanquished.

Table legend:
 A = Non-vault XP
 B = Vault XP
 C = Vault XP percentage of total XP
 D = Non-vault monster count
 E = Vault monster count
 F = Vault count percentage of total count
                 A         B        C        D         E       F
            +---------+---------+-------+---------+---------+-------
      Total |      14 |       0 |   0.0 |       7 |       0 |   0.0
            +---------+---------+-------+---------+---------+-------
        D:1 |      14 |       0 |   0.0 |       7 |       0 |   0.0
            +---------+---------+-------+---------+---------+-------

Illustrated notes

Table legend:
 A = Kills in this place as a percentage of kills in entire the game.
 B = Kills by you in this place as a percentage of kills by you in the entire game.
 C = Kills by friends in this place as a percentage of kills by friends in the entire game.
 D = Other kills in this place as a percentage of other kills in the entire game.
 E = Experience gained in this place as a percentage of experience gained in the entire game.
 F = Experience gained in this place divided by the number of levels of this place that you have seen.
                   A       B       C       D       E      F
               +-------+-------+-------+-------+-------+----------------------
         Total | 100.0 | 100.0 |   N/A |   N/A | 100.0 |  14.0
       Dungeon | 100.0 | 100.0 |   N/A |   N/A | 100.0 |  14.0
               +-------+-------+-------+-------+-------+----------------------

Table legend: (Time is in decaauts)
 A = Elapsed time spent in this place.
 B = Non-inter-level travel time spent in this place.
 C = Inter-level travel time spent in this place.
 D = Time resting spent in this place.
 E = Time spent auto-exploring this place.
 F = Levels seen in this place.
 G = Mean time per level.
                   A        B        C        D        E       F      G
               +--------+--------+--------+--------+--------+-----+--------+
         Total |    310 |    310 |      0 |      0 |    231 |   1 |  310.0 |
       Dungeon |    310 |    310 |      0 |      0 |    231 |   1 |  310.0 |
               +--------+--------+--------+--------+--------+-----+--------+

Top non-repeatable levels by time:
     D:1: 310 daAuts
